General information
- name: BNet
- type: Ladder team game (AT/RT)
- host: Battle.net
- saver: tinkerman.
map: MarketSquare
- players: 8
- length: 85:59
- speed: Fast
- version: 1.24 W3XP
- replay type: Public
» download(545 KB)
Players
team 1 (loser)

»
kuno.sack (
green | 160 APM | 8782 actions | 54:44)
7 Archmage
3 Summon Water Elemental
3 Brilliance Aura
1 Mass Teleport
6 Pandaren Brewmaster
3 Breath of Fire
2 Drunken Haze
1 Storm Earth and Fire
6 Paladin
3 Holy Light
2 Divine Shield
1 Resurrection
» actions
| Assign group hotkey | 56 | |
| Basic commands | 321 | |
| Build / train | 177 | |
| ESC pressed | 3 | |
| Enter build submenu | 61 | |
| Enter hero's abilities submenu | 24 | |
| Give item / drop item | 5 | |
| Right click | 2057 | |
| Select / deselect | 1187 | |
| Select group hotkey | 4575 | |
| Use ability | 316 | |
8782 total
» units
| Peasant | 22 | |
| Rifleman | 8 | |
| Priest | 7 | |
| Sorceress | 7 | |
| Siege Engine | 7 | |
| Mortar Team | 3 | |
54 total
» upgrades
| Masonry | 3 | |
| Lumber Harvesting | 2 | |
| Long Rifles | 1 | |
| Priest Training | 1 | |
| Sorceress Training | 1 | |
| Fragmentation Shards | 1 | |
| Flare | 1 | |
| Barrage | 2 | |
12 total
» buildings
| Lumber Mill | 1 | |
| Altar of Kings | 1 | |
| Farm | 13 | |
| Blacksmith | 1 | |
| Barracks | 1 | |
| Scout Tower | 26 | |
| Arcane Tower | 5 | |
| Arcane Vault | 1 | |
| Keep | 5 | |
| Town Hall | 8 | |
| Guard Tower | 28 | |
| Arcane Sanctum | 1 | |
| Castle | 6 | |
| Workshop | 3 | |
| Gryphon Aviary | 3 | |
103 total
» build order
00:19 Lumber Mill
00:46 Altar of Kings
00:57 Farm
01:22 Blacksmith
01:31 Barracks
01:45 Farm
01:57 Scout Tower
02:09 Farm
02:26 Arcane Tower
02:49 Arcane Vault
03:42 Farm
04:58 Keep
04:59 Keep
04:59 Keep
05:10 Farm
05:14 Town Hall
05:17 Scout Tower
05:19 Scout Tower
05:20 Scout Tower
05:21 Scout Tower
05:22 Scout Tower
05:47 Guard Tower
05:47 Guard Tower
05:48 Guard Tower
05:53 Guard Tower
05:53 Guard Tower
05:53 Guard Tower
06:04 Farm
06:34 Guard Tower
06:34 Guard Tower
06:35 Guard Tower
06:40 Arcane Tower
06:40 Arcane Tower
06:40 Arcane Tower
07:34 Arcane Sanctum
09:02 Castle
09:44 Scout Tower
09:47 Scout Tower
09:48 Scout Tower
09:50 Scout Tower
09:51 Scout Tower
09:52 Scout Tower
11:38 Guard Tower
11:38 Guard Tower
11:40 Workshop
11:41 Workshop
11:44 Workshop
12:43 Farm
12:44 Farm
12:44 Farm
12:45 Farm
12:46 Farm
17:01 Farm
17:02 Farm
27:43 Town Hall
35:33 Town Hall
37:36 Keep
37:38 Scout Tower
37:38 Scout Tower
37:39 Scout Tower
37:40 Scout Tower
38:14 Guard Tower
38:14 Guard Tower
40:49 Castle
40:49 Castle
40:49 Castle
40:50 Castle
40:52 Scout Tower
40:53 Scout Tower
40:54 Scout Tower
40:56 Gryphon Aviary
40:57 Gryphon Aviary
40:57 Gryphon Aviary
41:33 Guard Tower
41:33 Guard Tower
41:34 Guard Tower
45:09 Town Hall
45:14 Scout Tower
45:15 Scout Tower
45:17 Scout Tower
45:18 Scout Tower
45:19 Scout Tower
45:56 Town Hall
45:58 Guard Tower
45:58 Guard Tower
46:17 Scout Tower
46:19 Scout Tower
46:25 Town Hall
46:44 Town Hall
47:00 Guard Tower
52:35 Town Hall
» items
| Scroll of Regeneration | 2 | |
| Boots of Speed | 4 | |
| Scroll of Town Portal | 6 | |
| Potion of Healing | 3 | |
| Staff of Sanctuary | 1 | |
| Lesser Clarity Potion | 1 | |
| Orb of Fire | 2 | |
19 total
elfsarecool (
teal | 61 APM | 4945 actions | 80:59)
7 Dark Ranger
3 Black Arrow
3 Silence
1 Charm
» actions
| Basic commands | 54 | |
| Build / train | 147 | |
| Enter build submenu | 51 | |
| Enter hero's abilities submenu | 8 | |
| Right click | 3305 | |
| Select / deselect | 1243 | |
| Use ability | 137 | |
4945 total
» units
| Wisp | 34 | |
| Archer | 12 | |
| Dryad | 41 | |
| Hippogryph | 12 | |
| Faerie Dragon | 9 | |
108 total
» upgrades
| Strength of the Moon | 2 | |
| Moon Armor | 3 | |
| Strength of the Wild | 3 | |
| Nature's Blessing | 2 | |
| Improved Bows | 1 | |
| Abolish Magic | 1 | |
| Reinforced Hides | 5 | |
17 total
» buildings
| Altar of Elders | 2 | |
| Moon Well | 13 | |
| Ancient of War | 1 | |
| Ancient of Wonders | 1 | |
| Hunter's Hall | 1 | |
| Ancient Protector | 16 | |
| Tree of Ages | 1 | |
| Tree of Life | 5 | |
| Ancient of Lore | 4 | |
| Tree of Eternity | 1 | |
| Ancient of Wind | 3 | |
48 total
» build order
00:20 Altar of Elders
00:23 Moon Well
01:09 Ancient of War
01:35 Moon Well
01:55 Ancient of Wonders
02:22 Hunter's Hall
03:33 Ancient Protector
04:02 Moon Well
05:28 Tree of Ages
05:57 Moon Well
06:51 Ancient Protector
07:46 Tree of Life
07:49 Ancient Protector
08:28 Ancient Protector
08:31 Ancient Protector
08:35 Ancient Protector
09:17 Ancient of Lore
09:39 Ancient Protector
13:08 Ancient Protector
13:38 Ancient Protector
15:08 Altar of Elders
16:32 Ancient Protector
16:38 Moon Well
17:10 Tree of Eternity
17:34 Moon Well
19:08 Ancient Protector
21:00 Ancient of Lore
21:13 Ancient of Wind
24:16 Tree of Life
25:35 Moon Well
26:07 Moon Well
34:19 Ancient Protector
34:22 Ancient Protector
35:02 Ancient Protector
36:12 Ancient of Lore
38:13 Moon Well
42:33 Tree of Life
42:41 Moon Well
43:27 Ancient Protector
44:52 Ancient Protector
46:12 Moon Well
46:21 Moon Well
48:25 Moon Well
48:30 Tree of Life
50:15 Tree of Life
67:07 Ancient of Lore
67:10 Ancient of Wind
67:15 Ancient of Wind
» items
| Potion of Healing | 2 | |
| Potion of Mana | 1 | |
| Scroll of Town Portal | 4 | |
| Boots of Speed | 1 | |
| Staff of Teleportation | 1 | |
| Potion of Lesser Invulnerability | 1 | |
10 total
shrimpboat (
pink | 24 APM | 1408 actions | 59:23)
4 Demon Hunter
1 Immolation
2 Evasion
1 Mana Burn
3 Keeper of the Grove
1 Force of Nature
1 Entangling Roots
1 Thorns Aura
3 Priestess of the Moon
2 Trueshot Aura
1 Scout
» actions
| Assign group hotkey | 18 | |
| Basic commands | 1 | |
| Build / train | 124 | |
| Enter build submenu | 59 | |
| Enter hero's abilities submenu | 10 | |
| Give item / drop item | 1 | |
| Right click | 455 | |
| Select / deselect | 463 | |
| Select group hotkey | 162 | |
| Use ability | 115 | |
1408 total
» units
| Wisp | 63 | |
| Archer | 5 | |
| Mountain Giant | 2 | |
| Dryad | 17 | |
87 total
» upgrades
| Abolish Magic | 1 | |
| Strength of the Wild | 3 | |
| Reinforced Hides | 2 | |
| Well Spring | 1 | |
7 total
» buildings
| Moon Well | 9 | |
| Altar of Elders | 2 | |
| Ancient of War | 1 | |
| Ancient of Wonders | 4 | |
| Tree of Ages | 4 | |
| Hunter's Hall | 2 | |
| Tree of Eternity | 3 | |
| Ancient of Lore | 5 | |
| Tree of Life | 8 | |
| Ancient Protector | 24 | |
62 total
» build order
00:12 Moon Well
00:18 Altar of Elders
01:06 Ancient of War
02:51 Ancient of Wonders
03:03 Moon Well
03:59 Tree of Ages
04:03 Hunter's Hall
04:13 Moon Well
05:12 Moon Well
06:11 Moon Well
07:06 Tree of Eternity
07:17 Moon Well
09:43 Ancient of Lore
09:49 Ancient of Lore
09:57 Ancient of Lore
12:56 Tree of Life
17:12 Tree of Ages
20:22 Tree of Life
21:16 Tree of Eternity
29:36 Tree of Life
33:16 Tree of Life
38:26 Tree of Life
38:38 Hunter's Hall
39:46 Ancient Protector
39:50 Ancient Protector
40:10 Ancient Protector
40:17 Ancient Protector
40:24 Ancient Protector
40:27 Ancient Protector
40:52 Ancient Protector
41:12 Ancient Protector
41:48 Moon Well
41:57 Altar of Elders
42:07 Ancient of Wonders
42:16 Moon Well
42:30 Moon Well
42:45 Tree of Ages
45:36 Tree of Life
45:41 Ancient Protector
45:43 Ancient Protector
45:47 Ancient Protector
45:50 Ancient Protector
45:57 Ancient Protector
49:16 Ancient Protector
49:30 Ancient Protector
49:48 Ancient Protector
49:57 Ancient Protector
50:15 Ancient Protector
50:28 Ancient of Wonders
52:18 Tree of Life
52:25 Ancient Protector
52:38 Ancient Protector
53:10 Tree of Ages
55:32 Tree of Eternity
55:40 Tree of Life
55:44 Ancient Protector
55:47 Ancient Protector
56:04 Ancient Protector
56:07 Ancient Protector
56:12 Ancient of Wonders
58:38 Ancient of Lore
58:44 Ancient of Lore
» items
| Orb of Venom | 1 | |
| Potion of Healing | 1 | |
| Scroll of Town Portal | 5 | |
| Potion of Lesser Invulnerability | 1 | |
| Boots of Speed | 1 | |
9 total
awdwadawsafawfd (
purple | 53 APM | 4537 actions | 85:57)
1 Mountain King
1 Storm Bolt
6 Goblin Tinker
2 Engineering Upgrade
3 Pocket Factory
1 Robo-Goblin
» actions
| Assign group hotkey | 151 | |
| Basic commands | 417 | |
| Build / train | 119 | |
| Enter build submenu | 30 | |
| Enter hero's abilities submenu | 8 | |
| Give item / drop item | 4 | |
| Remove unit from queue | 3 | |
| Right click | 2904 | |
| Select / deselect | 717 | |
| Select group hotkey | 102 | |
| Use ability | 82 | |
4537 total
» units
| Peasant | 21 | |
| Gryphon Rider | 25 | |
| Sorceress | 3 | |
| Spell Breaker | 5 | |
54 total
» upgrades
| Masonry | 3 | |
| Lumber Harvesting | 2 | |
| Backpack | 0 | |
| Gunpowder | 1 | |
| Swords | 4 | |
| Storm Hammers | 1 | |
| Armor | 3 | |
14 total
» buildings
| Altar of Kings | 1 | |
| Scout Tower | 22 | |
| Arcane Tower | 4 | |
| Farm | 11 | |
| Lumber Mill | 1 | |
| Guard Tower | 25 | |
| Keep | 1 | |
| Blacksmith | 1 | |
| Arcane Vault | 1 | |
| Gryphon Aviary | 2 | |
| Castle | 1 | |
| Town Hall | 2 | |
72 total
» build order
00:11 Altar of Kings
00:14 Scout Tower
00:43 Arcane Tower
01:42 Scout Tower
01:44 Scout Tower
01:50 Scout Tower
02:01 Farm
02:07 Farm
03:09 Lumber Mill
04:15 Guard Tower
04:16 Guard Tower
04:16 Guard Tower
04:26 Keep
04:43 Scout Tower
04:45 Scout Tower
05:34 Guard Tower
05:43 Guard Tower
05:53 Blacksmith
06:19 Scout Tower
06:20 Scout Tower
06:21 Scout Tower
06:22 Scout Tower
06:35 Arcane Vault
06:43 Scout Tower
06:44 Scout Tower
06:53 Guard Tower
07:26 Guard Tower
07:54 Arcane Tower
08:00 Gryphon Aviary
08:02 Gryphon Aviary
08:10 Guard Tower
08:12 Guard Tower
08:16 Guard Tower
10:27 Castle
13:17 Farm
13:18 Farm
13:22 Farm
13:23 Farm
14:14 Farm
14:16 Farm
21:12 Farm
21:15 Farm
21:17 Farm
23:55 Arcane Tower
23:58 Arcane Tower
24:08 Guard Tower
29:35 Town Hall
31:14 Scout Tower
31:16 Scout Tower
32:05 Guard Tower
32:08 Scout Tower
32:14 Scout Tower
32:17 Scout Tower
33:39 Guard Tower
33:40 Guard Tower
33:41 Guard Tower
33:44 Guard Tower
33:55 Scout Tower
33:56 Scout Tower
34:02 Scout Tower
34:07 Scout Tower
34:08 Scout Tower
36:42 Guard Tower
36:45 Guard Tower
36:49 Guard Tower
36:50 Guard Tower
36:50 Guard Tower
79:26 Town Hall
» items
| Ivory Tower | 5 | |
| Scroll of Town Portal | 3 | |
8 total
team 2 (winner)
dulli (
yellow | 44 APM | 3788 actions | 85:57)
10 Death Knight
3 Death Coil
3 Unholy Aura
1 Animate Dead
3 Death Pact
10 Lich
3 Frost Armor
3 Frost Nova
1 Death and Decay
3 Dark Ritual
» actions
| Assign group hotkey | 1 | |
| Basic commands | 2 | |
| Build / train | 102 | |
| Enter build submenu | 29 | |
| Enter hero's abilities submenu | 20 | |
| Give item / drop item | 3 | |
| Remove unit from queue | 2 | |
| Right click | 2681 | |
| Select / deselect | 753 | |
| Select group hotkey | 1 | |
| Use ability | 194 | |
3788 total
» units
| Acolyte | 14 | |
| Ghoul | 19 | |
| Crypt Fiend | 12 | |
| Frost Wyrm | 10 | |
55 total
» upgrades
| Creature Attack | 2 | |
| Creature Carapace | 2 | |
| Web | 1 | |
| Freezing Breath | 1 | |
| Ghoul Frenzy | 1 | |
| Unholy Strength | 1 | |
| Unholy Armor | 1 | |
9 total
» buildings
| Crypt | 2 | |
| Graveyard | 1 | |
| Ziggurat | 16 | |
| Altar of Darkness | 1 | |
| Tomb of Relics | 1 | |
| Halls of the Dead | 1 | |
| Black Citadel | 1 | |
| Sacrificial Pit | 1 | |
| Spirit Tower | 1 | |
| Nerubian Tower | 1 | |
| Boneyard | 2 | |
| Necropolis | 2 | |
30 total
» build order
00:36 Crypt
00:38 Graveyard
00:40 Ziggurat
00:43 Altar of Darkness
00:44 Ziggurat
00:57 Tomb of Relics
01:20 Crypt
01:59 Halls of the Dead
02:42 Ziggurat
04:41 Black Citadel
04:43 Sacrificial Pit
06:00 Ziggurat
06:17 Spirit Tower
06:22 Nerubian Tower
07:06 Boneyard
07:07 Boneyard
07:10 Ziggurat
07:34 Ziggurat
08:54 Ziggurat
09:09 Ziggurat
13:45 Ziggurat
13:47 Ziggurat
13:48 Ziggurat
19:54 Ziggurat
19:55 Ziggurat
19:57 Ziggurat
21:32 Ziggurat
21:33 Ziggurat
23:08 Necropolis
33:03 Necropolis
» items
| Rod of Necromancy | 1 | |
| Dust of Appearance | 1 | |
| Potion of Healing | 2 | |
| Scroll of Town Portal | 4 | |
| Orb of Fire | 1 | |
| Scroll of Regeneration | 1 | |
10 total

»
fogel (
blue | 38 APM | 3267 actions | 85:57)
10 Warden
3 Shadow Strike
3 Blink
1 Spirit of Vengeance
3 Fan of Knives
» actions
| Assign group hotkey | 55 | |
| Basic commands | 11 | |
| Build / train | 101 | |
| ESC pressed | 20 | |
| Enter build submenu | 31 | |
| Enter hero's abilities submenu | 10 | |
| Give item / drop item | 2 | |
| Remove unit from queue | 4 | |
| Right click | 2211 | |
| Select / deselect | 366 | |
| Select group hotkey | 155 | |
| Use ability | 301 | |
3267 total
» units
| Wisp | 31 | |
| Archer | 5 | |
| Huntress | 3 | |
| Hippogryph | 8 | |
| Chimaera | 6 | |
| Druid of the Claw | 5 | |
58 total
» upgrades
| Strength of the Wild | 3 | |
| Reinforced Hides | 3 | |
| Corrosive Breath | 1 | |
| Druid of the Claw Training | 2 | |
9 total
» buildings
| Altar of Elders | 1 | |
| Moon Well | 7 | |
| Ancient of War | 1 | |
| Hunter's Hall | 1 | |
| Tree of Ages | 1 | |
| Ancient Protector | 9 | |
| Ancient of Wind | 1 | |
| Tree of Eternity | 1 | |
| Chimaera Roost | 2 | |
| Tree of Life | 1 | |
| Ancient of Lore | 3 | |
28 total
» build order
00:25 Altar of Elders
00:40 Moon Well
01:17 Moon Well
01:38 Moon Well
02:20 Ancient of War
02:50 Hunter's Hall
02:53 Moon Well
04:24 Tree of Ages
06:02 Moon Well
06:37 Ancient Protector
06:40 Ancient Protector
07:36 Ancient of Wind
08:58 Tree of Eternity
12:39 Chimaera Roost
12:40 Chimaera Roost
13:42 Tree of Life
13:48 Ancient Protector
13:53 Ancient Protector
13:56 Ancient Protector
23:46 Ancient of Lore
23:47 Ancient of Lore
23:56 Ancient of Lore
25:12 Ancient Protector
25:13 Ancient Protector
25:15 Ancient Protector
25:26 Ancient Protector
26:01 Moon Well
26:02 Moon Well
» items
| Rod of Necromancy | 1 | |
| Orb of Corruption | 1 | |
| Potion of Healing | 2 | |
| Scroll of Regeneration | 1 | |
| Scroll of Town Portal | 2 | |
| Periapt of Vitality | 2 | |
| Potion of Lesser Invulnerability | 2 | |
11 total
ultra-feeder (
orange | 54 APM | 4630 actions | 85:57)
2 Mountain King
2 Thunder Clap
» actions
| Assign group hotkey | 64 | |
| Basic commands | 61 | |
| Build / train | 106 | |
| ESC pressed | 15 | |
| Enter build submenu | 34 | |
| Enter hero's abilities submenu | 1 | |
| Right click | 2326 | |
| Select / deselect | 433 | |
| Select group hotkey | 1521 | |
| Use ability | 69 | |
4630 total
» units
| Peasant | 37 | |
| Mortar Team | 6 | |
| Siege Engine | 4 | |
| Flying Machine | 29 | |
76 total
» upgrades
| Masonry | 3 | |
| Gunpowder | 3 | |
| Plating | 3 | |
| Flak Cannons | 1 | |
| Flying Machine Bombs | 1 | |
11 total
» buildings
| Farm | 12 | |
| Lumber Mill | 4 | |
| Scout Tower | 7 | |
| Guard Tower | 7 | |
| Keep | 2 | |
| Altar of Kings | 1 | |
| Blacksmith | 1 | |
| Castle | 2 | |
| Town Hall | 3 | |
| Workshop | 4 | |
43 total
» build order
00:12 Farm
00:44 Lumber Mill
02:46 Farm
04:55 Scout Tower
04:58 Scout Tower
05:00 Scout Tower
05:04 Scout Tower
05:06 Scout Tower
05:14 Scout Tower
05:17 Scout Tower
05:23 Guard Tower
05:24 Guard Tower
05:33 Guard Tower
05:35 Guard Tower
05:43 Guard Tower
05:50 Guard Tower
05:56 Guard Tower
06:29 Keep
07:01 Altar of Kings
07:04 Blacksmith
07:42 Lumber Mill
08:52 Castle
11:05 Town Hall
11:44 Lumber Mill
12:33 Keep
14:08 Town Hall
14:57 Castle
16:23 Workshop
16:25 Workshop
16:28 Workshop
16:32 Farm
16:38 Workshop
17:23 Farm
17:25 Farm
26:14 Farm
26:19 Farm
26:21 Farm
26:39 Farm
26:41 Farm
42:42 Farm
42:44 Farm
45:11 Town Hall
45:15 Lumber Mill
» items
tinkerman. (
red | 48 APM | 4102 actions | 85:59)
10 Mountain King
3 Storm Bolt
3 Bash
1 Avatar
3 Thunder Clap
» actions
| Assign group hotkey | 37 | |
| Basic commands | 104 | |
| Build / train | 127 | |
| Enter build submenu | 28 | |
| Enter hero's abilities submenu | 11 | |
| Give item / drop item | 9 | |
| Right click | 1554 | |
| Select / deselect | 444 | |
| Select group hotkey | 1657 | |
| Use ability | 131 | |
4102 total
» units
| Peasant | 20 | |
| Footman | 5 | |
| Gryphon Rider | 11 | |
| Siege Engine | 2 | |
| Flying Machine | 12 | |
| Mortar Team | 4 | |
| Priest | 2 | |
56 total
» upgrades
| Lumber Harvesting | 2 | |
| Masonry | 3 | |
| Swords | 2 | |
| Armor | 1 | |
| Storm Hammers | 1 | |
| Gunpowder | 2 | |
| Plating | 1 | |
| Barrage | 1 | |
| Flying Machine Bombs | 1 | |
| Flak Cannons | 1 | |
| Animal War Training | 1 | |
| Fragmentation Shards | 1 | |
| Flare | 1 | |
| Priest Training | 2 | |
| Magic Sentry | 1 | |
21 total
» buildings
| Altar of Kings | 1 | |
| Barracks | 1 | |
| Farm | 15 | |
| Scout Tower | 33 | |
| Arcane Vault | 1 | |
| Arcane Tower | 3 | |
| Keep | 1 | |
| Lumber Mill | 1 | |
| Blacksmith | 1 | |
| Castle | 1 | |
| Gryphon Aviary | 2 | |
| Town Hall | 2 | |
| Guard Tower | 17 | |
| Workshop | 2 | |
| Arcane Sanctum | 1 | |
82 total
» build order
00:15 Altar of Kings
00:21 Barracks
00:36 Farm
00:51 Farm
01:37 Farm
01:44 Scout Tower
02:06 Arcane Vault
02:12 Arcane Tower
02:12 Arcane Tower
02:13 Arcane Tower
02:46 Farm
03:37 Keep
03:53 Farm
04:29 Lumber Mill
05:09 Blacksmith
05:13 Farm
05:15 Farm
06:20 Castle
06:24 Gryphon Aviary
06:28 Gryphon Aviary
07:52 Town Hall
07:54 Scout Tower
07:54 Scout Tower
07:54 Scout Tower
07:56 Scout Tower
08:19 Scout Tower
08:20 Scout Tower
08:21 Scout Tower
08:22 Scout Tower
08:22 Scout Tower
08:24 Farm
08:25 Farm
08:25 Farm
08:26 Farm
08:30 Guard Tower
09:21 Guard Tower
09:35 Guard Tower
09:48 Guard Tower
10:37 Guard Tower
10:46 Guard Tower
12:48 Workshop
12:49 Workshop
13:51 Scout Tower
13:51 Scout Tower
13:53 Scout Tower
13:53 Scout Tower
13:53 Scout Tower
15:17 Guard Tower
15:17 Guard Tower
15:25 Scout Tower
15:26 Scout Tower
15:27 Scout Tower
15:28 Scout Tower
15:29 Scout Tower
15:29 Scout Tower
15:30 Scout Tower
15:31 Scout Tower
16:41 Guard Tower
18:27 Guard Tower
18:27 Guard Tower
20:29 Guard Tower
20:29 Guard Tower
23:32 Farm
24:35 Scout Tower
24:35 Scout Tower
24:35 Scout Tower
24:35 Scout Tower
24:37 Scout Tower
24:37 Scout Tower
25:54 Guard Tower
26:48 Scout Tower
26:49 Scout Tower
26:49 Scout Tower
26:49 Scout Tower
27:40 Arcane Sanctum
27:51 Guard Tower
27:51 Guard Tower
37:08 Farm
37:08 Farm
61:26 Town Hall
» items
| Scroll of Regeneration | 4 | |
| Staff of Teleportation | 2 | |
| Potion of Lesser Invulnerability | 2 | |
| Scroll of Town Portal | 3 | |
| Potion of Mana | 1 | |
| Boots of Speed | 1 | |
| Orb of Fire | 1 | |
14 total
Chat log
(00:58 / Allies) fogel: hippo chims
(03:04 / Allies) fogel: they prolly rushin on me
(03:09 / Allies) fogel: get units guys
(03:25 / Allies) fogel: get units orange
(03:29 / Allies) fogel: if they hit us we lose
(04:04 / Allies) fogel: let me tell you guys a secret
(04:15 / Allies) fogel: im a experienced player, and everytime team doesnt talk
(04:18 / Allies) fogel: i lose
(04:54 / Allies) tinkerman.: really? So cowarding away in your base with a level 1 hero had nothing to do with it?
(05:09 / Allies) fogel: man stop tryin to be a smart ass
(05:17 / Allies) fogel: just because ure level 1 and dont care about your account
(05:41 / Allies) ultra-feeder: i control tinkerman
(05:47 / Allies) ultra-feeder: nobody touch him
(07:58 / Allies) tinkerman.: wood
(08:54 / Allies) fogel: good job
(09:07 / All) ultra-feeder: game's over
(09:12 / All) ultra-feeder: fucking noob get out of here
(09:57 / Allies) tinkerman.: WOOD niggas
(10:08 / Allies) fogel: i cant
(11:49 / Allies) fogel: get more acos
(13:14 / Allies) tinkerman.: gold orange?
(14:50 / Allies) dulli: red you killed my dk
(14:55 / Allies) tinkerman.: sorry
(16:33 / Allies) fogel: need melee
(17:07 / Allies) fogel: gold me
(17:43 / Allies) fogel: tp guys
(19:00 / Allies) fogel: tp
(19:03 / Allies) tinkerman.: who
(19:43 / Allies) tinkerman.: shit
(19:44 / Allies) tinkerman.: sorry
(19:46 / Allies) fogel: red
(19:50 / Allies) tinkerman.: my mistake
(19:51 / Allies) fogel: stop doing that man
(19:51 / Allies) tinkerman.: man
(19:54 / Allies) fogel: you almost killed my hero
(19:56 / Allies) tinkerman.: i hit "A" on wrong hero
(19:59 / Allies) fogel: you killed yellows
(20:04 / Allies) fogel: you dont need to hit a
(20:07 / Allies) fogel: just click
(20:12 / Allies) fogel: in the hero you want to kill
(20:22 / Allies) fogel: if its friend you are not able to kill
(20:41 / Allies) dulli: wood
(20:45 / Allies) tinkerman.: gold plz
(20:58 / Allies) fogel: youve got 4,3k
(20:59 / Allies) fogel: rofl
(21:12 / Allies) fogel: stop that red..
(24:39 / Allies) fogel: go red
(26:28 / Allies) fogel: meet
(26:59 / Allies) fogel: come red
(27:51 / Allies) fogel: fight
(28:19 / Allies) dulli: quit doing that shit red
(28:25 / Allies) tinkerman.: nuke heros
(29:18 / Allies) tinkerman.: need to kill green he is strongest
(29:24 / Allies) tinkerman.: ignor epurple
(29:26 / Allies) fogel: red will you do something
(29:26 / Allies) tinkerman.: he sucks
(29:26 / Allies) fogel: or not
(29:28 / Allies) tinkerman.: we need to hit green
(30:05 / Allies) fogel: go red ffs
(30:12 / Allies) fogel: make em see your power
(30:16 / Allies) tinkerman.: kil
(30:17 / Allies) tinkerman.: the dryads
(30:28 / Allies) dulli: come rd
(31:10 / Allies) tinkerman.: GO
(33:14 / Allies) tinkerman.: kill the tanks and dryads
(33:23 / Allies) fogel: how about you help
(33:32 / Allies) fogel: well afk
(34:40 / Allies) tinkerman.: nuke am
(34:42 / Allies) tinkerman.: k?
(34:59 / Allies) fogel: redd thats pathetic
(35:22 / Allies) tinkerman.: ur useless yellow
(35:40 / Allies) dulli: you're kidding right
(35:40 / Allies) fogel: hes bsing
(35:49 / Allies) tinkerman.: its just one player
(35:51 / Allies) tinkerman.: guys
(35:52 / Allies) dulli: you're an idiot
(35:53 / Allies) tinkerman.: green is one player
(35:56 / Allies) fogel: stfu red
(37:10 / Allies) fogel: good job red
(37:14 / Allies) fogel: you succeeded ur bs
(37:15 / Allies) dulli: lol
(37:16 / Allies) tinkerman.: we're fine
(37:19 / Allies) tinkerman.: ill 1v4
(37:20 / Allies) tinkerman.: them
(37:23 / Allies) tinkerman.: im pro
(37:32 / Allies) fogel: then get expoes
(38:04 / Allies) fogel: creep it yellow
(39:42 / All) elfsarecool: leave
(40:03 / All) tinkerman.: i dont know how
(40:19 / All) awdwadawsafawfd: huh stop what
(41:07 / Allies) dulli: grant control to someone red...you suck
(41:20 / Allies) tinkerman.: watch ill own them
(41:23 / Allies) tinkerman.: they suck
(41:24 / Allies) fogel: he is doin it on purpose dude
(41:31 / Allies) dulli: yeah i figured
(41:33 / Allies) tinkerman.: no im pro they will die
(42:29 / Allies) fogel: fake farms and more copters
(43:56 / Allies) dulli: red you're a moron
(44:39 / Allies) fogel: expo orange
(44:53 / Allies) fogel: red ure not maxed
(44:56 / Allies) fogel: ure 86/100
(45:08 / Allies) tinkerman.: because those 14 food will really make a difference
(46:23 / All) awdwadawsafawfd: why arent you helpign me me i dont getttit
(46:30 / All) tinkerman.: who
(46:47 / Allies) fogel: is he talkin to you red/
(46:48 / Allies) fogel: ?
(46:59 / Allies) dulli: red
(47:00 / Allies) tinkerman.: hes my friend
(47:08 / Allies) fogel: oh now i see it clearly
(47:14 / Allies) tinkerman.: my other friend and i usually play games like this but he is new, this friend
(47:27 / Allies) fogel: so ask purple to kill em
(47:29 / Allies) tinkerman.: he can't kill teal or green
(47:31 / Allies) fogel: so we win
(47:31 / Allies) tinkerman.: thats my point
(47:33 / Allies) tinkerman.: he cant
(47:35 / Allies) tinkerman.: he isn't that good
(50:33 / Allies) tinkerman.: stay
(50:37 / Allies) tinkerman.: u guys need to kill expos
(52:07 / Allies) fogel: is purple dead?
(52:13 / Allies) dulli: no
(52:21 / Allies) tinkerman.: hes new
(52:24 / Allies) fogel: he needs to help us
(52:25 / Allies) tinkerman.: dont expect him to help much
(52:32 / Allies) tinkerman.: my other friend could kill them
(52:46 / Allies) fogel: kill it oj
(52:57 / Allies) fogel: how about we go and kill em
(53:43 / Allies) fogel: omfg pwnage
(54:48 / All) tinkerman.: NICE
(54:50 / All) tinkerman.: DUDE
(54:51 / Allies) fogel: omg
(54:54 / All) awdwadawsafawfd: thx
(54:58 / All) tinkerman.: spam green
(54:59 / All) awdwadawsafawfd: wtf ur not my mind
(55:03 / All) tinkerman.: dont let teal or pink use him
(55:13 / Allies) tinkerman.: we lucked out
(55:13 / Allies) tinkerman.: guys
(55:19 / All) tinkerman.: green is urs
(55:22 / All) tinkerman.: now
(55:29 / Allies) tinkerman.: yellow want to control my mortars
(55:32 / Allies) tinkerman.: they are for teals dryads
(56:09 / Allies) tinkerman.: deathndecay
(56:15 / All) ultra-feeder: believe me this game never ends
(56:22 / All) ultra-feeder: you wait almost 6 hours
(56:46 / All) ultra-feeder: actually this time game never search
(56:51 / All) ultra-feeder: that's why i keep doing this
(56:53 / Allies) tinkerman.: scout blue they cant kill u
(57:14 / Allies) tinkerman.: wait
(57:15 / Allies) tinkerman.: for my motars
(57:41 / Allies) tinkerman.: go
(57:42 / Allies) tinkerman.: blue come
(58:23 / Allies) dulli: go red
(58:26 / Allies) dulli: now
(58:57 / Allies) fogel: upgrade morts red
(59:27 / All) tinkerman.: lawl
(59:32 / All) awdwadawsafawfd: pwnt
(59:48 / All) tinkerman.: teal any last words
(60:25 / All) tinkerman.: u can expand now purple
(60:26 / All) ultra-feeder: actully this game decided 40 minutes ago when i eliminated purp's 30 gys at 5 seconds
(60:43 / All) awdwadawsafawfd: I killed my teammates you clown
(60:43 / All) tinkerman.: purple is my friend he is learning how to play this
(60:47 / All) awdwadawsafawfd: I'm the reason you won
(60:54 / All) tinkerman.: purple is progressing at a high rate
(61:02 / All) ultra-feeder: don worry red is worse then you purp
(61:11 / All) elfsarecool: backstabing big time fucker
(61:14 / All) ultra-feeder: he is the worst fucking team mate ever
(61:16 / All) tinkerman.: lawl
(61:18 / All) elfsarecool: how stupid
(61:21 / All) awdwadawsafawfd: lol
(61:29 / Allies) tinkerman.: wood plz
(61:50 / Allies) tinkerman.: WOOD
(62:15 / Allies) ultra-feeder: this map alwayd running out of wood
(62:22 / All) tinkerman.: green?
(62:25 / All) elfsarecool: you guys so lost if not for purple
(62:34 / All) awdwadawsafawfd: "if not for purple"
(62:40 / All) awdwadawsafawfd: you suck at countering backstabbing
(62:44 / Allies) dulli: next
(62:46 / All) ultra-feeder: red bser from the first time
(62:47 / All) fogel: you guys so lost if not for red not helping us at the start
(62:54 / All) elfsarecool: he spent the hole game being a hole
(62:58 / All) fogel: when we killed 3 of your expoes at the beginning
(63:06 / All) fogel: hey teal
(63:07 / All) tinkerman.: u guys suck i 1v4'd u
(63:11 / All) fogel: why dont you watch the replay?
(63:23 / All) fogel: you should really see red behaviour at the beginning
(63:24 / All) tinkerman.: i was backstabbing yellow with a tp staff entire game lawl
(63:24 / All) ultra-feeder: red kiil our hero almost 10 times
(63:29 / All) fogel: before sayin stupid shit
(63:34 / All) elfsarecool: you suck it bad
(63:42 / All) fogel: so why dont you watch it later?
(63:43 / All) awdwadawsafawfd: cool story bro
(63:57 / All) elfsarecool: watch us fight purple the whole time you were a knat
(64:01 / All) ultra-feeder: actully red didn anything i would eliminate you guys all by myself
(64:16 / All) tinkerman.: orange im a former #1 rank rt player watch your mouth
(64:28 / All) awdwadawsafawfd: shut the fuck up orange, obey your betters
(64:32 / Allies) fogel: what was your nick
(64:36 / All) ultra-feeder: if red is my enemy he will watch what i do
(64:37 / All) tinkerman.: kodos_forsaken
(64:43 / All) elfsarecool: purple lets fuck them up
(64:47 / Allies) fogel: you once posted on a forum
(64:47 / All) ultra-feeder: he will see being raped by me very hard
(64:53 / Allies) fogel: about answering any question
(64:54 / Allies) fogel: ?
(65:04 / All) awdwadawsafawfd: teal are you fucking serious you goddamn retard? I'm killing you and your fucktarded team
(65:39 / All) elfsarecool: your the only fucktard fuckface
(65:50 / All) awdwadawsafawfd: "fucktard fuckface", nice insult
(65:58 / All) tinkerman.: lawl
(66:01 / All) tinkerman.: teal u here?
(66:04 / All) elfsarecool: only way to make yourself feel good is to backstab
(66:07 / All) ultra-feeder: purp now time to kill your frined
(66:14 / All) tinkerman.: teal u realize i stabbed my team too right
(66:15 / All) elfsarecool: jackin it right now i bet
(66:18 / All) ultra-feeder: friend vs friedn killing time
(66:23 / All) awdwadawsafawfd: I feel good no matter what I do because I am an emotionless psychopath u fucking retardd
(66:38 / All) elfsarecool: sad
(66:47 / All) fogel: thats really sad purple
(66:53 / All) fogel: when did you find that out
(66:55 / All) awdwadawsafawfd: maybe for your inferior minds
(67:03 / All) awdwadawsafawfd: when I went to my psychiatrist
(67:12 / All) ultra-feeder: purp if you don kill yourself this game never end
(67:14 / All) fogel: im not mockin you
(67:16 / All) ultra-feeder: so just do it now
(67:26 / All) awdwadawsafawfd: why would I kill myself I want to live
(68:01 / All) ultra-feeder: you really wan this fucking retared game last long?
(68:07 / All) tinkerman.: here purple
(68:09 / All) tinkerman.: take my griffs
(68:14 / All) tinkerman.: get robo tinker
(68:19 / All) awdwadawsafawfd: they dont go in inventory
(68:38 / Allies) fogel: we pwned them yellow
(68:42 / Allies) dulli: lol
(68:59 / Allies) dulli: what are you doing red
(69:08 / Allies) fogel: rofl
(69:08 / All) elfsarecool: well pink did suck....i will give you that lvl 3 heros still
(69:18 / All) awdwadawsafawfd: 4 now, liar
(69:27 / Allies) dulli: wtf are you doing red
(69:40 / Allies) fogel: hey yellow
(69:42 / Allies) fogel: you must be stupid
(69:45 / Allies) fogel: dont you realize
(69:48 / All) ultra-feeder: i see purp is red's girlfriend
(69:48 / All) awdwadawsafawfd: 5 BITCH
(69:49 / Allies) fogel: that we are mere characters
(69:51 / Allies) fogel: in this game
(69:57 / All) awdwadawsafawfd: FUCK YOU
(69:57 / All) tinkerman.: just noticed oragne?
(70:02 / All) ultra-feeder: red want her to open her asshole tonight
(70:03 / Allies) dulli: lol
(70:06 / Allies) fogel: theyre playin between themselves
(70:16 / All) elfsarecool: :P:
(70:17 / Allies) fogel: were just here watchin
(70:24 / All) tinkerman.: u fags never had a chance, teal is going to win this
(70:27 / All) awdwadawsafawfd: ROBOGOBLIN MOTHERFUCKERS
(70:43 / All) tinkerman.: move griffs
(70:45 / All) ultra-feeder: red do you want puple's asshole with finger?
(70:54 / All) tinkerman.: bring ur tinker to middle
(70:56 / All) tinkerman.: purple
(71:18 / All) tinkerman.: lets see u fight yellows heros or blue if the ycome
(71:21 / All) tinkerman.: ur magic immune right now
(71:49 / All) tinkerman.: tinker form
(72:48 / Allies) fogel: its impossible for his tinker to fight my hero
(72:50 / All) tinkerman.: healing salve doesnt work when in robo form
(73:02 / All) tinkerman.: he is stays in robo form warden is useless
(73:14 / Allies) fogel: ye but i can blink
(73:22 / Allies) fogel: untill robot form is gone
(73:36 / All) tinkerman.: if u guys need gold tell me
(73:40 / All) tinkerman.: to buy items and shit
(74:11 / All) ultra-feeder: teal never out ok?
(74:14 / All) tinkerman.: yellow give control to oj so he can use one of ur heros?
(74:16 / All) awdwadawsafawfd: FUKC YOU
(74:19 / All) ultra-feeder: if you out red kill us and we lose
(74:30 / All) tinkerman.: smart man orange
(74:31 / All) awdwadawsafawfd: FUCK YOU U LUSE REGARDKLESS
(74:33 / Allies) ultra-feeder: TEAL YOU ARE ONLY HOPE WE WIN
(74:45 / All) ultra-feeder: IF YOU ARE THERE RED NEVER KILL US
(74:56 / All) awdwadawsafawfd: FUCK YOU HE IS ON MYS IDE
(74:59 / All) tinkerman.: these are tims
(75:16 / All) awdwadawsafawfd: NIGGER NIGGER NIGGER LOL
(75:22 / All) tinkerman.: go out of robo form so u heal
(75:24 / All) ultra-feeder: very irony but it's true teal is our only hope
(75:39 / All) awdwadawsafawfd: VEYR IRONY THAT IS FUCKING GRAMTACIOTAL INCORRECT
(76:00 / All) tinkerman.: can u expand
(76:04 / All) tinkerman.: how much wood u have
(76:11 / All) ultra-feeder: purp a u gay or just faggot?
(76:18 / All) awdwadawsafawfd: NEITHER FUCK TOU
(76:25 / All) awdwadawsafawfd: ITS A SERIOUS FUKCING CONDITION
(76:29 / All) tinkerman.: sell that
(76:52 / All) tinkerman.: expo top left
(78:21 / Allies) fogel: you givin em the win red?
(78:26 / All) tinkerman.: no
(78:47 / All) ultra-feeder: red if this game end search again ok?
(78:50 / Allies) dulli: oj come to me no towers
(78:55 / All) ultra-feeder: next time i kill you very hard
(78:57 / All) tinkerman.: im going to bed after this
(78:57 / All) awdwadawsafawfd: fjuck you hes not on your side HES MINEE
(79:05 / All) ultra-feeder: you will see how strong i am
(79:10 / All) fogel: im going to college after this
(79:10 / All) awdwadawsafawfd: FUCK YOU
(79:16 / All) awdwadawsafawfd: DOUBT IT
(79:30 / All) fogel: you doubt im going to college?
(79:30 / All) ultra-feeder: hey guys this is just 6ocloco evening
(79:38 / All) awdwadawsafawfd: the ufck is ooclooco
(79:42 / All) fogel: HAHAHAHAHAHA
(79:47 / Allies) dulli: come to me oj
(79:47 / All) fogel: that was fuckin funny
(79:52 / All) fogel: worth this whole match
(79:59 / All) ultra-feeder: blue you must get a job before going third college
(80:00 / All) fogel: this ocloco thing
(80:12 / All) fogel: no man, im in brazil, its 5 am here
(80:20 / All) fogel: i have to be in college at 7:30 am
(80:30 / Allies) ultra-feeder: college means nothing this time
(80:43 / All) ultra-feeder: my job is hooker
(80:45 / Allies) fogel: im not sayin nothing
(80:51 / All) awdwadawsafawfd: fuck you thats mine
(80:57 / Allies) fogel: you just told me to search again
(81:00 / Allies) fogel: i said i couldnt
(81:04 / Allies) fogel: because i need to go to college soon
(81:15 / All) ultra-feeder: what major a u in?
(81:20 / All) tinkerman.: my team loses
(81:25 / All) tinkerman.: kill my base
(81:32 / All) awdwadawsafawfd: none my cibdition not acfepted socially
(81:43 / All) ultra-feeder: good he is acting exactly what i expected
(81:46 / Allies) fogel: no red
(81:49 / Allies) fogel: give us the win
(81:54 / All) tinkerman.: sorry fogel
(81:56 / All) tinkerman.: u lose
(81:58 / All) tinkerman.: purple wins
(82:01 / Allies) fogel: no problem
(82:03 / All) awdwadawsafawfd: he is rihgt in his decision
(82:06 / All) tinkerman.: those are the rules nothing personal
(82:07 / All) ultra-feeder: wiining is meaningless actually
(82:27 / All) tinkerman.: plz rate how good orange was today, u 3
(82:32 / All) ultra-feeder: playing good means deep
(83:00 / Allies) dulli: wtf red
(83:01 / All) tinkerman.: u did pretty good itachi
(83:08 / All) tinkerman.: my team still thinks i "suck"
(83:08 / Allies) fogel: ye red give us win
(83:13 / All) awdwadawsafawfd: ok thx who is itachi
(83:18 / All) tinkerman.: i dont know
(83:19 / All) ultra-feeder: you are fucking suck
(83:25 / All) tinkerman.: orange is really upset at me
(83:30 / All) awdwadawsafawfd: that is english worng
(83:36 / All) ultra-feeder: yes you are retared fucking red
(83:47 / All) awdwadawsafawfd: no he is just not understood by you
(84:00 / All) ultra-feeder: red moron just kill yourself loser~
(84:10 / All) awdwadawsafawfd: he is not a fucking loseer YOU ARE
(84:15 / All) tinkerman.: go top right
(84:18 / All) tinkerman.: pruple
(84:19 / Allies) fogel: no red
(84:19 / Allies) fogel: wait
(84:21 / All) tinkerman.: last building left
(84:22 / Allies) fogel: dont do that
(84:29 / All) awdwadawsafawfd: I shall
(84:31 / Allies) fogel: ok
(84:32 / Allies) fogel: ]
(84:33 / All) fogel: gg
(84:35 / All) fogel: cya guys
(84:36 / All) awdwadawsafawfd: gg
(84:56 / All) tinkerman.: i think yhellow might finish off last farm
(85:10 / All) tinkerman.: green top right
(85:14 / All) tinkerman.: not on tile
(85:26 / All) awdwadawsafawfd: what
(85:29 / All) awdwadawsafawfd: im not ghreen
(85:31 / All) tinkerman.: where my basde was
(85:34 / All) tinkerman.: i meant on grass
(85:42 / All) awdwadawsafawfd: oh ok thanks
(85:45 / All) ultra-feeder: purp fuckign retarded that's why you are somalian
(85:54 / All) awdwadawsafawfd: somaliena what yes